 Dungeon Crawl Stone Soup version 0.20.0-15-g7f486f2 (webtiles) character file.

81 zxpr0jk the Chopper (level 4, -1/37 HPs)
             Began as a Demonspawn Chaos Knight on June 11, 2017.
             Slain by a gnoll (3 damage)
             ... on level 2 of the Dungeon.
             The game lasted 00:04:56 (1676 turns).

zxpr0jk the Chopper (Demonspawn Chaos Knight)       Turns: 1676, Time: 00:04:57

Health: -1/37      AC:  5    Str: 13    XL:     4   Next: 19%
Magic:  4/4        EV: 11    Int: 13    God:    Xom [...*..]
Gold:   99         SH:  4    Dex: 13    Spells: 3/3 levels left

rFire    . . .     SeeInvis .   a - +0 hand axe (chaos)
rCold    . . .     Gourm    .   (no shield)
rNeg     . . .     Faith    .   b - +2 leather armour
rPois    .         Spirit   .   (helmet restricted)
rElec    .         Reflect  .   (no cloak)
rCorr    .         Harm     .   (no gloves)
MR       .....                  (no boots)
Stlth    +.........             d - amulet of inaccuracy (curse)
Regen    0.2/turn               (no ring)
MPRegen  0.1/turn               (no ring)

@: no status effects
A: horns 2, large bone plates 1, powered by pain 1
a: Renounce Religion


You were on level 2 of the Dungeon.
You worshipped Xom.
You were a favourite toy of Xom.
You were not hungry.

You visited 1 branch of the dungeon, and saw 2 of its levels.

You collected 99 gold pieces.

Inventory:

Hand Weapons
 a - a +0 hand axe of chaos (weapon)
Armour
 b - a +2 leather armour (worn)
Jewellery
 d - a cursed amulet of inaccuracy (around neck)
 f - an uncursed amulet of magic regeneration {unknown}
Scrolls
 e - a scroll of enchant weapon {unknown}
 i - a scroll of blinking {unknown}
 k - 2 scrolls of remove curse {unknown}
 l - a scroll of enchant armour {unknown}
 m - 2 scrolls of identify {unknown}
 o - a scroll of immolation {unknown}
Comestibles
 c - 4 bread rations
 g - 2 fruits
 h - 2 royal jellies
 j - a meat ration


   Skills:
 + Level 3.7 Fighting
 * Level 4.1 Axes
 - Level 1.7 Armour
 - Level 0.8 Dodging


You had 3 spell levels left.
You didn't know any spells.

Dungeon Overview and Level Annotations

Branches:
Dungeon (2/15)

Altars:


Innate Abilities, Weirdness & Mutations

You are partially covered in large bone plates. (SH +4)
You sometimes gain a little power by taking damage.
You have a pair of horns on your head.


Message History

* * * LOW HITPOINT WARNING * * *
You barely miss the gnoll. Your headbutt misses the gnoll.
The gnoll is heavily wounded.
You block the gnoll's attack.
You hit the gnoll. Your headbutt misses the gnoll.
The gnoll is almost dead.
The gnoll hits you.
* * * LOW HITPOINT WARNING * * *
You closely miss the gnoll. Your headbutt misses the gnoll.
The gnoll is almost dead.
The gnoll barely misses you.
You closely miss the gnoll.
You headbutt the gnoll, but do no damage.
The gnoll is almost dead.
The gnoll hits you.
* * * LOW HITPOINT WARNING * * *
You closely miss the gnoll.
The gnoll is almost dead.
You block the gnoll's attack. The gnoll hits you.
You die...

#.##....######.....
#.##.#..# ######
#.......# #.......#
## #.##.##.# #.
#.>..##.####### #.
###.#####.#...).# #.
#......##.#.###.####.
#.#@......#.#
#..รท...
#.#)g#.####.###.####.
# ##.#.# #...<.# #.
.# # ####### ## ..
.## .# .#


You could see a gnoll.

Vanquished Creatures
  An adder (D:2)
  2 gnolls (D:2)
  An ooze (D:2)
  A worm (D:2)
  A dart slug (D:1)
  A leopard gecko (D:1)
  4 bats
  2 hobgoblins (D:2)
  8 jackals
  2 frilled lizards (D:2)
  8 goblins
  5 kobolds
  6 rats
42 creatures vanquished.

Notes
Turn   | Place    | Note
-------+----------+-------------------------------------------
     0 | D:1      | zxpr0jk the Demonspawn Chaos Knight began the quest for the Orb.
     0 | D:1      | Reached XP level 1. HP: 18/18 MP: 1/1
   359 | D:1      | Reached skill level 3 in Axes
   362 | D:1      | Gained mutation: You are partially covered in large bone plates. (SH +4) [demonic ancestry]
   362 | D:1      | Reached XP level 2. HP: 21/24 MP: 2/2
   389 | D:1      | XOM: potion effect (brilliance)
   393 | D:1      | XOM: harmless Necr miscast
   646 | D:1      | XOM: silly message
   698 | D:1      | XOM: divination: detect creatures
   746 | D:1      | XOM: silly message
  1046 | D:2      | Gained mutation: You sometimes gain a little power by taking damage. [demonic ancestry]
  1046 | D:2      | Reached XP level 3. HP: 23/29 MP: 3/3
  1614 | D:2      | XOM: give mutations
  1614 | D:2      | Gained mutation: You have a pair of small horns on your head. [Xom's grace]
  1614 | D:2      | Gained mutation: You have a pair of horns on your head. [Xom's grace]
  1668 | D:2      | Reached skill level 4 in Axes
  1668 | D:2      | Reached XP level 4. HP: 18/37 MP: 4/4
  1676 | D:2      | Slain by a gnoll

Skill      XL: |  1  2  3 |
---------------+----------+-----
Axes           | 3 4 |  4.1
Fighting       | |  3.7
Armour         | |  1.7
Dodging        | |  0.8

Action                   |  1- 3 |  4- 6 || total
-------------------------+-------+-------++-------
Melee: Hand axe          |   191 |     8 ||   199
       Headbutt          |     2 |     3 ||     5
  Use: Potion            |     3 |       ||     3
 Stab: Paralysed         |     1 |       ||     1
       Sleeping          |     1 |       ||     1
  Eat: Chunk             |     3 |       ||     3
Armor: Leather armour    |    56 |       ||    56
Dodge: Dodged            |   112 |     2 ||   114
Block: Other             |    22 |     2 ||    24
